 Dungeon Crawl Stone Soup version 0.26.1-11-gd32895ea62 (webtiles) character file.

Game seed: 19208725627517191

117 phineasyahuda the Sneak (level 5, 0/39 HPs)
             Began as a Human Brigand on May 9, 2021.
             Slain by Duvessa
             ... wielding a +0 short sword
              (3 damage)
             ... on level 4 of the Dungeon.
             The game lasted 00:21:30 (3599 turns).

phineasyahuda the Sneak (Human Brigand)             Turns: 3599, Time: 00:21:31

Health: 0/39       AC:  9    Str:  9 (11) XL:     5   Next: 22%
Magic:  6/6        EV: 12    Int:  9 (12) God:
Gold:   160        SH:  0    Dex: 12 (15) Spells: 5/5 levels left

rFire    . . .     SeeInvis .   a - +4 dagger
rCold    . . .     Faith    .   (no shield)
rNeg     . . .     Spirit   .   b - +0 robe
rPois    .         Reflect  .   k - +0 helmet
rElec    .         Harm     .   c - +0 cloak
rCorr    .         Rampage  .   (no gloves)
Will     .....                  t - +0 pair of boots
Stlth    ++++......             (no amulet)
HPRegen  0.13/turn              o - ring of stealth
MPRegen  0.10/turn              q - +4 ring of protection

@: no status effects
A: no striking features
a: no special abilities


You were on level 4 of the Dungeon.
You visited 1 branch of the dungeon, and saw 4 of its levels.

You collected 160 gold pieces.

Inventory:

Hand Weapons
 a - a +4 dagger (weapon)
 g - a +0 dagger
 j - a +0 dagger
Missiles
 d - 29 poisoned darts (quivered)
 e - 2 curare-tipped darts
 h - 26 bolts
Armour
 b - a +0 robe (worn)
 c - a +0 cloak (worn)
 k - a +0 helmet (worn)
 m - a +0 robe
 n - a +0 leather armour
 t - a +0 pair of boots (worn)
Jewellery
 o - a ring of stealth (left hand)
 q - a +4 ring of protection (right hand)
Wands
 p - a wand of digging (4)
Scrolls
 f - a scroll of identify
 l - 2 scrolls of teleportation
 s - a scroll of remove curse
Potions
 i - a potion of might
 r - 2 potions of heal wounds
 u - a potion of degeneration


   Skills:
 + Level 2.3 Fighting
 + Level 2.6 Short Blades
 + Level 2.4 Throwing
 + Level 1.9 Dodging
 + Level 5.2 Stealth
 - Level 0.6 Spellcasting


You had 5 spell levels left.
You didn't know any spells.
Your spell library was empty.

Dungeon Overview and Level Annotations

Branches:
Dungeon (4/15)
 Temple: D:4-7

Altars:
Elyvilon

Annotations:
D:4 Dowan, Duvessa


Message History

The puff of frost hits you but does no damage.
Duvessa hits you with a +0 short sword.
* * * LOW HITPOINT WARNING * * *
You hit Dowan but do no damage.
Dowan is severely wounded.
Duvessa barely misses you. Dowan barely misses you.
You barely miss Dowan.
Dowan is severely wounded.
Duvessa hits you but does no damage. Dowan misses you.
Duvessa hits you with a +0 short sword.
* * * LOW HITPOINT WARNING * * *
You hit Dowan.
Dowan is almost dead.
Dowan hits you with a +0 dagger.
* * * LOW HITPOINT WARNING * * *
Duvessa hits you but does no damage.
You closely miss Dowan.
Dowan is almost dead.
Duvessa hits you with a +0 short sword.
You die...

..# ######..### .?.###
##.#........ ....#.#
####.)..>...... .......
#.##..#........
...#...###.#####......#.
..#..<......)..#......##
.......).............##
.##...ee..............##
#.....@.....##........#
##......#..............
.......####.............
......# ##..............
...... #...............
...... ##..........#)..
........#.....#.........
.##.#...................
#...#....###........


You could see Duvessa (fast) and Dowan.

Vanquished Creatures
  Jessica (D:3)
  A hound skeleton (D:3)
  An adder (D:3)
  An ooze (D:1)
  An adder skeleton (D:4)
  2 worms (D:2)
  A dart slug (D:2)
  2 leopard geckos
  6 orcs
  A ball python (D:1)
  6 bats
  2 giant cockroaches
  2 goblins
  4 hobgoblins
  4 jackals (D:3)
  A quokka (D:4)
  5 kobolds
  6 rats (D:1)
47 creatures vanquished.

Notes
Turn   | Place    | Note
-------+----------+-------------------------------------------
     0 | D:1      | phineasyahuda the Human Brigand began the quest for the
                  | Orb.
     0 | D:1      | Reached XP level 1. HP: 16/16 MP: 1/1
   235 | D:1      | Reached XP level 2. HP: 10/22 MP: 2/2
   871 | D:1      | Reached XP level 3. HP: 27/27 MP: 3/3
  1057 | D:1      | Found a white marble altar of Elyvilon.
  2270 | D:3      | Reached XP level 4. HP: 33/33 MP: 5/5
  2290 | D:3      | Noticed Jessica
  2310 | D:3      | Killed Jessica
  2311 | D:3      | Reached skill level 5 in Stealth
  2653 | D:3      | Reached XP level 5. HP: 38/38 MP: 6/6
  3559 | D:4      | Noticed Duvessa
  3562 | D:4      | Noticed Dowan
  3599 | D:4      | Slain by Duvessa

Illustrated notes

Levels and vault maps discovered:
D:1:      dpeg_arrival_lava_altar, layout_loops_cross
D:2:      layout_basic, amcnicky_mini_pool_small
D:3:      layout_loops_ring, uniq_jessica
D:4:      layout_cave_pools, ebering_ghost_sewer_d, uniq_duvessa

Skill      XL: |  1  2  3  4 |
---------------+-------------+-----
Stealth        | 5 |  5.2
Fighting       | |  2.3
Short Blades   | |  2.6
Throwing       | |  2.4
Dodging        | |  1.9
Spellcasting   | |  0.6

Action                   |  1- 3 |  4- 6 || total
-------------------------+-------+-------++-------
Melee: Dagger            |    97 |    85 ||   182
Throw: Dart              |     1 |       ||     1
  Use: Scroll            |     4 |     2 ||     6
       Potion            |     5 |     2 ||     7
 Stab: Sleeping          |     9 |     4 ||    13
       Distracted        |     1 |       ||     1
Armor: Robe              |    13 |    30 ||    43
Dodge: Dodged            |    33 |    46 ||    79
